 Dungeon Crawl Stone Soup version 0.30-a0-956-gcec3b41aec (webtiles) character file.

Game seed: 1576498733123024420

954 CowFu the Carver (level 7, -2/57 HPs)
             Began as a Minotaur Fighter on Mar 29, 2023.
             Was a Follower of the Shining One.
             Splashed by a jelly's acid (9 damage)
             ... on level 7 of the Dungeon.
             The game lasted 00:04:11 (4399 turns).

CowFu the Carver (Minotaur Fighter)                 Turns: 4399, Time: 00:04:11

Health: -2/57      AC: -10   Str: 22    XL:     7   Next: 90%
Magic:  6/6        EV:  9    Int:  5    God:    the Shining One [*.....]
Gold:   221        SH:  4    Dex: 10    Spells: 6/6 levels left

rFire   . . .      SeeInvis .    a - +0 long sword
rCold   . . .      Faith    .    c - +0 buckler
rNeg    . . .      Spirit   .    b - +0 scale mail
rPois   .          Reflect  .    (helmet restricted)
rElec   .          Rampage  .    r - +0 cloak
rCorr   .                        C - +0 pair of gloves
Will    .....                    (no boots) Stlth
                                 (no amulet)
HPRegen 0.29/turn                f - ring of flight
MPRegen 0.10/turn                (no ring)

@: corroded, flying, glowing
A: horns 2, retaliatory headbutt
a: Renounce Religion, Divine Shield


You were on level 7 of the Dungeon.
You worshipped the Shining One.
The Shining One was aware of your devotion.
You visited 1 branch of the dungeon, and saw 7 of its levels.

You collected 361 gold pieces.
You spent 140 gold pieces at shops.

Inventory:

Hand Weapons
 a - a +0 long sword (weapon)
Missiles
 g - a throwing net (quivered)
Armour
 b - a +0 scale mail (worn)
 c - a +0 buckler (worn)
 r - a +0 cloak (worn)
 C - a +0 pair of gloves (worn)
Jewellery
 f - a ring of flight (left hand)
 h - a ring of willpower
Wands
 d - a wand of polymorph (17)
 p - a wand of iceblast (14)
Scrolls
 e - 2 scrolls of enchant armour {unknown}
 l - a scroll of silence {unknown}
 m - 13 scrolls of identify {unknown}
 o - 6 scrolls of teleportation {unknown}
 q - 4 scrolls of butterflies {unknown}
 s - a scroll of magic mapping {unknown}
 w - a scroll of amnesia {unknown}
 x - 3 scrolls of fear {unknown}
 y - a scroll of vulnerability {unknown}
 B - a scroll of enchant weapon {unknown}
 D - a scroll of noise {unknown}
Potions
 i - 2 potions of experience {unknown}
 j - 3 potions of brilliance {unknown}
 k - 2 potions of mutation {unknown}
 n - 5 potions of curing {unknown}
 t - 2 potions of lignification {unknown}
 v - a potion of invisibility {unknown}
 z - a potion of magic {unknown}
 A - 2 potions of resistance {unknown}
 E - a potion of haste {unknown}


   Skills:
 - Level 3.6 Fighting
 + Level 11.1 Long Blades
 - Level 3.6 Armour
 - Level 3.6 Shields


You had 6 spell levels left.
You didn't know any spells.
Your spell library contained the following spells:

 Spells                   Type           Power      Damage    Failure   Level
 Sandblast                Erth           0%         2d4       88%         1
 Ensorcelled Hibernation  Hex/Ice        0%         N/A       95%         2
 Passwall                 Tmut/Erth      0%         N/A       95%         2
 Ozocubu's Armour         Ice            0%         N/A       99%         3
 Portal Projectile        Hex/Tloc       0%         N/A       99%         3
 Stone Arrow              Conj/Erth      0%         3d7       99%         3
 Swiftness                Air            0%         N/A       99%         3
 Tukima's Dance           Hex            0%         N/A       99%         3
 Blade Hands              Tmut           0%         N/A       100%        5
 Malign Gateway           Summ/Tloc      0%         N/A       100%        7
 Ozocubu's Refrigeration  Ice            0%         4d7       100%        7
 Summon Horrible Things   Summ           0%         N/A       100%        8


Dungeon Overview and Level Annotations

Branches:
Dungeon (7/15)             Temple (0/1) D:4

Altars:
Hepliaklqana
Makhleb
Zin
The Shining One

Shops:
D:3 [![(


Innate Abilities, Weirdness & Mutations

You have a pair of horns on your head.
You reflexively headbutt those who attack you in melee.


Message History

You kill the jelly!
A jelly comes into view.
A jelly is nearby!
The jelly quivers.
A jelly is nearby!
A jelly is nearby!
A jelly is nearby!
You hit the jelly but do no damage.
Your hands burn!
The jelly hits you. The acid corrodes you!
You are splashed with acid!
A jelly is nearby!
You hit the jelly but do no damage.
Your hands burn!
You headbutt the jelly, but do no damage.
A jelly is nearby!
You hit the jelly but do no damage.
Your hands burn!
You headbutt the jelly.
The jelly is lightly wounded.
The jelly hits you but does no damage.
A jelly is nearby!
You are too injured to fight recklessly!
A jelly is nearby!
You are too injured to fight recklessly!
You slash the jelly! The acid corrodes you!
Your hands burn!
The jelly is severely wounded.
The jelly hits you.
* * * LOW HITPOINT WARNING * * *
You are splashed with acid!
* * * LOW HITPOINT WARNING * * *
You feel much better.
The jelly jiggles.
The jelly hits you.
You are splashed with acid!
You hit the jelly but do no damage.
Your hands burn!
The jelly is severely wounded.
The jelly hits you. The acid corrodes you!
You are splashed with acid!
* * * LOW HITPOINT WARNING * * *
You hit the jelly but do no damage.
Your hands burn!
* * * LOW HITPOINT WARNING * * *
The jelly is severely wounded.
The jelly hits you.
* * * LOW HITPOINT WARNING * * *
The acid corrodes you!
You are splashed with acid!
You die...

####### #...... ###
#.##### #.. #.....# #.#
#####.# #.# #.# # #.#
#.# #.#######
#.#########.#
#.....@J###...........#
#.....>.'.....#########
#.......#####.#
#.......# #.# #....####
#.# #..### #.# #.. #.#
.... #.. ###


You could see a jelly.

Vanquished Creatures
  4 black bears
  A centaur (D:6)
  A scorpion (D:5)
  2 howler monkeys (D:7)
  2 jellies
  An orc priest (D:5)
  Crazy Yiuf (D:2)
  3 iguanas
  2 orc wizards (D:5)
  7 adders
  2 white imps (D:7)
  9 orcs
  3 endoplasms
  4 giant cockroaches
  7 goblins
  3 hobgoblins (D:2)
  6 kobolds
  A quokka (D:5)
  8 ball pythons
  3 bats
  2 frilled lizards (D:1)
  3 rats
75 creatures vanquished.

Notes
Turn   | Place    | Note
-------+----------+-------------------------------------------
     0 | D:1      | CowFu the Minotaur Fighter began the quest for the Orb.
     0 | D:1      | Reached XP level 1. HP: 19/19 MP: 0/0
    75 | D:1      | Reached skill level 3 in Long Blades
   455 | D:1      | Reached XP level 2. HP: 26/26 MP: 1/1
   937 | D:2      | Reached skill level 4 in Long Blades
  1037 | D:2      | Reached XP level 3. HP: 28/31 MP: 2/2
  1330 | D:2      | Found a runed translucent door.
  1331 | D:2      | Noticed Crazy Yiuf
  1624 | D:2      | Killed Crazy Yiuf
  1625 | D:2      | Reached skill level 5 in Long Blades
  1726 | D:3      | Reached XP level 4. HP: 36/39 MP: 3/3
  1792 | D:3      | Found Gupal's Weapon Shop.
  1836 | D:3      | Found Foseol's Distillery.
  1846 | D:3      | Bought 2 potions of heal wounds for 140 gold pieces
  1925 | D:3      | Found Kaplo's Armour Shoppe.
  2081 | D:3      | Found a burning altar of Makhleb.
  2250 | D:3      | Found Baobbeeg's Antique Armour Shop.
  2281 | D:3      | Found a glowing silver altar of Zin.
  2281 | D:3      | Noticed an angel
  2282 | D:3      | Noticed a blizzard demon
  2394 | D:4      | Noticed a black bear
  2403 | D:4      | Killed a black bear
  2404 | D:4      | Reached skill level 6 in Long Blades
  2404 | D:4      | Reached XP level 5. HP: 34/45 MP: 4/4
  2489 | D:4      | Found a glowing golden altar of the Shining One.
  2495 | D:4      | Reached skill level 7 in Long Blades
  2500 | D:4      | Became a worshipper of the Shining One
  2529 | D:4      | Found a hazy altar of Hepliaklqana.
  2797 | D:4      | Found a staircase to the Ecumenical Temple.
  2886 | D:4      | Noticed a black bear
  2893 | D:4      | Killed a black bear
  2894 | D:4      | Reached XP level 6. HP: 47/51 MP: 5/5
  3047 | D:5      | Entered Level 5 of the Dungeon
  3100 | D:5      | Reached skill level 8 in Long Blades
  3169 | D:5      | Reached skill level 9 in Long Blades
  3176 | D:5      | Reached XP level 7. HP: 39/57 MP: 6/6
  3850 | D:5      | Reached skill level 10 in Long Blades
  4319 | D:7      | Reached * piety under the Shining One
  4387 | D:7      | Reached skill level 11 in Long Blades
  4399 | D:7      | Splashed by a jelly's acid

Illustrated notes

Levels and vault maps discovered:
D:1:      psy_arrival_radial01, layout_basic, serial_forest,
          infiniplex_forest_clump_curved, infiniplex_forest_corner_1,
          infiniplex_forest_clump_curved, infiniplex_forest_lined_3,
          infiniplex_forest_zigzag_1, infiniplex_forest_zigzag_2,
          infiniplex_forest_zigzag_2, infiniplex_forest_straight_4,
          nicolae_figureground_sparkle
D:2:      layout_loops_ring, uniq_crazy_yiuf_cottage
D:3:      layout_loops_ring, grunt_temple_overflow_order_and_chaos_2,
          serial_shops, nicolae_shop_overgrown_old_shop,
          nicolae_shop_bloodbath_and_beyond, nicolae_shop_waterfront, shop,
          nrook_mini_vaults
D:4:      black_bear_nest_1, layout_cave_pools, mainiacjoe_overflow_two_lobes,
          minmay_temple_entry_tees
D:5:      layout_basic
D:6:      layout_gridville, grunt_potential
D:7:      layout_basic, gammafunk_ghost_nasty_kobolds

Skill      XL: |  1  2  3  4  5  6  7 |
---------------+----------------------+-----
Long Blades    | 3 4 5 6 7 9 11 | 11.1
Fighting       | |  3.6
Armour         | |  3.6
Shields        | |  3.6

Action                     |  1- 3 |  4- 6 |  7- 9 || total
---------------------------+-------+-------+-------++-------
  Melee: Long sword        |    65 |    74 |    65 ||   204
         Headbutt          |     5 |    14 |    19 ||    38
    Use: Potion            |     1 |     1 |     2 ||     4
 Armour: Scale mail        |    31 |    38 |    42 ||   111
  Dodge: Dodged            |    37 |    31 |    18 ||    86
  Block: Buckler           |    15 |    14 |    14 ||    43

Table legend: (Time is in decaauts)
 A = Elapsed time spent in this place.
 B = Non-inter-level travel time spent in this place.
 C = Inter-level travel time spent in this place.
 D = Time resting spent in this place.
 E = Time spent auto-exploring this place.
 F = Levels seen in this place.
 G = Mean time per level.
                   A        B        C        D        E       F      G
               +--------+--------+--------+--------+--------+-----+--------+
         Total |   4414 |   4249 |    165 |      0 |   3705 |   7 |  630.6 |
       Dungeon |   4414 |   4249 |    165 |      0 |   3705 |   7 |  630.6 |
               +--------+--------+--------+--------+--------+-----+--------+

Top non-repeatable levels by time:
     D:2: 874 daAuts
     D:1: 853 daAuts
     D:5: 845 daAuts
     D:3: 683 daAuts
     D:4: 657 daAuts
     D:6: 276 daAuts
     D:7: 224 daAuts
